 Dungeon Crawl Stone Soup version 0.29-a0-1016-g236c7fd91e (webtiles) character file.

Game seed: 1896214383412270275

78 componib the Shooter (level 4, -2/38 HPs)
             Began as a Minotaur Hunter on Aug 9, 2022.
             Succumbed to a water moccasin's poison
             ... on level 3 of the Dungeon.
             The game lasted 00:10:37 (1664 turns).

componib the Shooter (Minotaur Hunter)              Turns: 1664, Time: 00:10:38

Health: -2/38      AC: 10    Str: 14    XL:     4   Next: 15%
Magic:  3/3        EV:  4    Int: 10    God:
Gold:   107        SH:  0    Dex: 15    Spells: 3/3 levels left

rFire   . . .      SeeInvis .   b - +0 club
rCold   + . .      Faith    .   (no shield)
rNeg    . . .      Spirit   .   k - +0 plate armour
rPois   .          Reflect  .   (helmet restricted)
rElec   .          Harm     .   (no cloak)
rCorr   .          Rampage  .   (no gloves)
Will    .....                   (no boots)
Stlth   ..........              (no amulet)
HPRegen 0.12/turn               e - ring of protection from cold
MPRegen 0.08/turn               (no ring)

@: brilliant, lethally poisoned (-2 -> -17)
A: horns 2, retaliatory headbutt, clever 1, inability to read while threatened
1, MP-powered wands
a: no special abilities


You were on level 3 of the Dungeon.
You visited 1 branch of the dungeon, and saw 3 of its levels.

You collected 107 gold pieces.

Inventory:

Hand Weapons
 a - a +0 shortbow
 b - a +0 club (weapon)
Missiles
 l - 2 poisoned darts
Armour
 c - a +0 leather armour
 k - a +0 plate armour (worn)
 p - a +0 helmet
Jewellery
 e - a ring of protection from cold (left hand)
Scrolls
 d - a scroll of immolation
 g - a scroll of teleportation {unknown}


   Skills:
 + Level 3.1 Fighting
 + Level 0.4 Maces & Flails
 + Level 5.7 Ranged Weapons
 + Level 1.1 Armour
 + Level 2.3 Dodging
 + Level 0.7 Stealth


You had 3 spell levels left.
You didn't know any spells.
Your spell library contained the following spells:

 Spells                   Type           Power      Damage    Failure   Level
 Gell's Gravitas          Tloc           0%         N/A       100%        3
 Lesser Beckoning         Tloc           0%         N/A       100%        3
 Teleport Other           Tloc           0%         N/A       100%        3
 Fireball                 Conj/Fire      0%         3d3       100%        5
 Freezing Cloud           Conj/Ice/Air   0%         6-21      100%        5
 Simulacrum               Ice/Necr       0%         N/A       100%        6
 Starburst                Conj/Fire      0%         6d3       100%        6
 Ignition                 Fire           0%         3d3       100%        8
 Polar Vortex             Ice            0%         N/A       100%        9


Dungeon Overview and Level Annotations

Branches:
Dungeon (3/15)

Altars:


Innate Abilities, Weirdness & Mutations

You have a pair of horns on your head.
You reflexively headbutt those who attack you in melee.
Your mind is acute. (Int +4, Str/Dex -1)
You occasionally lose the ability to read scrolls when taking damage.
You expend magic power (3 MP) to strengthen your wands.


Message History

The water moccasin is moderately wounded.
b - a +0 club (weapon)
The water moccasin bites you.
You barely miss the water moccasin.
The water moccasin is moderately wounded.
The water moccasin bites you. x2
You are poisoned.
The water moccasin poisons you!
You are too injured to fight recklessly!
You are too injured to fight recklessly!
You closely miss the water moccasin.
Your headbutt misses the water moccasin.
The water moccasin is moderately wounded.
You feel very sick. The water moccasin bites you.
You hit the water moccasin but do no damage.
Your headbutt misses the water moccasin.
The water moccasin is moderately wounded.
You feel sick.
The water moccasin bites you but does no damage.
The water moccasin bites you.
* * * LOW HITPOINT WARNING * * *
You are lethally poisoned!
The water moccasin poisons you!
It was a potion of mutation.
You feel extremely strange.
You occasionally lose the ability to read scrolls when threatened.
You feel clever.
You feel your magical essence link to the dungeon's wands.
* * * LOW HITPOINT WARNING * * *
You feel very sick. The water moccasin barely misses you.
As you read the scroll labelled PIKHLE PUGINNU, it crumbles to dust.
Wisps of shadow whirl around you...
It was a scroll of summoning.
* * * LOW HITPOINT WARNING * * *
You feel very sick. The water moccasin barely misses you.
The water moccasin bites you but does no damage.
As you read the scroll labelled GUQUAT HODIOTU, it crumbles to dust.
The scroll dissolves into smoke.
It was a scroll of fog.
You die...

### #### #..
..# # #.#
######S#§#
#.# #.#
#....S@§.#
#.# #.#
#.####§§S#
..# #.# #.#
#..S...#
#.###.#####.#
#..###.#
...........S#
#..# #
....#.####.##
#..# ..#.#.#
#.# #..#
.<#.#.# #.#
#... ....<.#
#.#


You could see a water moccasin (ally target), 2 friendly adders and a friendly
ball python (summoned).

Vanquished Creatures
  2 adders (D:2)
  3 ball pythons
  8 bats (D:1)
  6 endoplasms
  6 giant cockroaches
  A goblin (D:1)
  7 hobgoblins
  8 jackals (D:1)
  2 quokkas
  4 frilled lizards
  A kobold (D:2)
  2 rats (D:1)
50 creatures vanquished.

Notes
Turn   | Place    | Note
-------+----------+-------------------------------------------
     0 | D:1      | componib the Minotaur Hunter began the quest for the Orb.
     0 | D:1      | Reached XP level 1. HP: 18/18 MP: 0/0
   138 | D:1      | Reached XP level 2. HP: 20/25 MP: 1/1
   272 | D:1      | Reached skill level 5 in Ranged Weapons
   585 | D:1      | Reached XP level 3. HP: 30/30 MP: 2/2
  1213 | D:2      | Reached skill level 1 in Armour
  1213 | D:2      | Reached XP level 4. HP: 21/38 MP: 3/3
  1636 | D:3      | Noticed a water moccasin
  1649 | D:3      | HP: 1/38 [poisoned by a water moccasin]
  1662 | D:3      | Gained mutation: You occasionally lose the ability to read
                  | scrolls when taking damage. [potion of mutation]
  1662 | D:3      | Gained mutation: Your mind is acute. (Int +4, Str/Dex -1)
                  | [potion of mutation]
  1662 | D:3      | Gained mutation: You expend magic power (3 MP) to
                  | strengthen your wands. [potion of mutation]
  1663 | D:3      | HP: 1/38 [poisoned by a water moccasin]
  1664 | D:3      | Succumbed to a water moccasin's poison

Illustrated notes

Levels and vault maps discovered:
D:1:      eino_arrival_water_star, layout_loops_ring, hex_tiny
D:2:      layout_rooms
D:3:      layout_loops_ring, tgw_trog, bloody_makhleb, serial_undead,
          serial_undead_c, serial_undead_a, serial_undead_f, serial_undead_e,
          serial_undead_d, serial_shops, shop, uniq_jessica

Skill      XL: |  1  2  3 |
---------------+----------+-----
Ranged Weapons | 5 |  5.7
Fighting       | 3 |  3.1
Armour         | 1 |  1.1
Maces & Flails | |  0.4
Dodging        | |  2.3
Stealth        | |  0.7

Action                   |  1- 3 |  4- 6 || total
-------------------------+-------+-------++-------
Melee: Club              |    45 |     8 ||    53
       Headbutt          |     5 |     1 ||     6
 Fire: Shortbow          |    68 |    19 ||    87
  Use: Scroll            |       |     4 ||     4
       Potion            |       |     3 ||     3
Armor: Leather armour    |    26 |       ||    26
       Plate armour      |    20 |    10 ||    30
Dodge: Dodged            |    69 |     6 ||    75

Table legend: (Time is in decaauts)
 A = Elapsed time spent in this place.
 B = Non-inter-level travel time spent in this place.
 C = Inter-level travel time spent in this place.
 D = Time resting spent in this place.
 E = Time spent auto-exploring this place.
 F = Levels seen in this place.
 G = Mean time per level.
                   A        B        C        D        E       F      G
               +--------+--------+--------+--------+--------+-----+--------+
         Total |   1708 |   1683 |     25 |      0 |   1066 |   3 |  569.3 |
       Dungeon |   1708 |   1683 |     25 |      0 |   1066 |   3 |  569.3 |
               +--------+--------+--------+--------+--------+-----+--------+

Top non-repeatable levels by time:
     D:1: 997 daAuts
     D:2: 655 daAuts
     D:3: 56 daAuts
